[Event "*** Titled Tuesday Blitz"]
[Site "Chess.com"]
[Date "2020.11.10"]
[Round "3"]
[White "Anna_ChessMate"]
[Black "CM_rui"]
[Result "1-0"]
[WhiteElo "2604"]
[BlackElo "2392"]
[TimeControl "180+1"]
[EndTime "10:31:07 PST"]
[Termination "Anna_ChessMate won on time"]

1. d4 Nf6 2. c4 e6 3. Nf3 Bb4+ 4. Bd2 Qe7 5. g3 O-O 6. Bg2 Bxd2+ 7. Nbxd2 d6 8. O-O e5 9. e4 a5 10. Re1 b6 11. Rc1 Bb7 12. Qc2 Na6 13. a3 c5 14.
dxe5 dxe5 15. Nf1 Nc7 16. Nh4 Ne6 17. Nf5 Qc7 18. N1e3 Rad8 19. Nd5 Nxd5 20. cxd5 Nd4 21. Nxd4 exd4 22. b4 axb4 23. axb4 Rc8 24. Bh3 c4 25. Bxc8 Rxc8 26. Qd2 d3 27. Qc3 b5 28. Qd4 Qe7 29. Qb6 d2 30. Qxb5 dxe1=Q+ 31. Rxe1 c3 32. d6 Qe6 33. Qxb7 c2 34. d7 Rd8 35. Rc1 Qxd7 36. Qxd7 Rxd7 37. Rxc2 Kf8 38. Rb2 Rd4 39. f3 Rd6 40. b5 Rb6 41. Kf2 Ke7 42. Ke3 Ke6 43. Kd4 Kd6 44. e5+ Kc7 45. Kc5 Kb7 46. Rd2 Re6 47. f4 g5 48. Rd7+ Kc8 49. Rxf7 gxf4 50. gxf4 h5 51. b6 h4 52. Rf6 Re7 53. e6 Rg7 54.
Kc6 Rg8 55. e7 1-0

[Event "*** Titled Tuesday Blitz"]
[Site "Chess.com"]
[Date "2020.11.10"]
[Round "3"]
[White "oneshot007"]
[Black "TokChess"]
[Result "0-1"]
[WhiteElo "2225"]
[BlackElo "2445"]
[TimeControl "180+1"]
[EndTime "10:31:07 PST"]
[Termination "TokChess won by resignation"]

1. e4 c5 2. Nf3 e6 3. Nc3 a6 4. d4 cxd4 5. Nxd4 b5 6. g3 Bb7 7. Bg2 Nf6 8. O-O d6 9. Re1 Nbd7 10. a4 b4 11. Nd5 e5 12. Nf5 Nxd5 13. exd5 g6 14. Ne3 Be7 15. Nc4 O-O 16. b3 a5 17. Bh6 Re8 18. Qf3 Ba6 19. Nd2 Rc8 20. Rac1 f5 21. Qe3 Qb6 22. Bf1 Bxf1 23. Kxf1 Rc3 24.
Qe2 Qc5 25. Qb5 Qxb5+ 26. axb5 Nb6 27. Nb1 Rc5 28. Be3 Rxb5 29. Red1 Nxd5 0-1

[Event "*** Titled Tuesday Blitz"]
[Site "Chess.com"]
[Date "2020.11.10"]
[Round "3"]
[White "Fortitudine"]
[Black "Goryachkina"]
[Result "0-1"]
[WhiteElo "2281"]
[BlackElo "2595"]
[TimeControl "180+1"]
[EndTime "10:31:08 PST"]
[Termination "Goryachkina won by resignation"]

1. c4 Nf6 2. g3 g6 3. Bg2 Bg7 4. Nc3 O-O 5. e4 e5 6. Nge2 c5 7. d3 Nc6 8. O-O d6 9. Nd5 Nxd5 10. cxd5 Nd4 11. Nxd4 cxd4 12. Bd2 h5 13. h4 Bg4 14. f3 Bd7 15. Rc1 Bb5 16. Qb3 Qd7 17. Rf2 Rac8 18. Rxc8 Rxc8 19. Kh2 a6 20. Bb4 Rc1 21.
Rc2 Ba4 22. Rxc1 Bxb3 23. axb3 Bf8 24. Bh3 Qb5 25. Ba3 Qxd3 26. Rc8 Kg7 27. Rc7 Qe2+ 28.
Kg1 Qxf3 29. Be6 Qxg3+ 30. Kf1 Qf3+ 31. Ke1 Qxe4+ 32. Kd1 Qf3+ 33. Kd2 e4 34. Rxf7+ Qxf7 35.
Bxf7 Kxf7 36. Bb4 Kf6 37. Ke2 Ke5 0-1

[Event "*** Titled Tuesday Blitz"]
[Site "Chess.com"]
[Date "2020.11.10"]
[Round "3"]
[White "alejanchess73"]
[Black "swimmerchess"]
[Result "1-0"]
[WhiteElo "2475"]
[BlackElo "2827"]
[TimeControl "180+1"]
[EndTime "10:31:08 PST"]
[Termination "alejanchess73 won on time"]

1. d4 Nf6 2. c4 g6 3. Nc3 Bg7 4. Nf3 O-O 5. g3 d6 6. Bg2 Nbd7 7. O-O e5 8. h3 Re8 9. Bg5 h6 10. Be3 c6 11. Rc1 a6 12. b4 e4 13. Nd2 d5 14. cxd5 cxd5 15. Nb3 b6 16. a4 Bb7 17. a5 b5 18. Nc5 Nxc5 19. dxc5 Bc6 20. Bd4 Ra7 21. e3 Rae7 22. Ne2 g5 23. Qd2 Qd7 24. Qb2 Qf5 25. f4 Re6 26. g4 Nxg4 27.
hxg4 Qxg4 28. f5 Bxd4 29. Nxd4 Rf6 30. Qe2 Qg3 31. Qf2 Qe5 32. Qe2 Kg7 33. Qh5 1-0

[Event "*** Titled Tuesday Blitz"]
[Site "Chess.com"]
[Date "2020.11.10"]
[Round "3"]
[White "swisspower96"]
[Black "davigator"]
[Result "1-0"]
[WhiteElo "2586"]
[BlackElo "2383"]
[TimeControl "180+1"]
[EndTime "10:31:12 PST"]
[Termination "swisspower96 won by checkmate"]

1. g4 d5 2. Bg2 c6 3. c4 dxc4 4. h3 e5 5. Qc2 Be6 6. Nf3 Nd7 7.
Na3 Bxa3 8. bxa3 f6 9. a4 Ne7 10. d4 cxd3 11. exd3 O-O 12. O-O Nd5 13. d4 Nf4 14.
Bxf4 exf4 15. Nh4 Nb6 16. Be4 f5 17. Nxf5 Bd5 18. Rfe1 g6 19. Ne7+ Kg7 20. Bxg6 Rh8 21. Bd3 h5 22. Nf5+ Kf6 23. Qe2 Qe8 24. Qd2 Qb8 25. Re5 hxg4 26. Qxf4 Nd7 27. Nd6+ Kg7 28. Rg5+ Kh6 29. Rxg4+ Kh5 30. Bg6# 1-0

[Event "*** Titled Tuesday Blitz"]
[Site "Chess.com"]
[Date "2020.11.10"]
[Round "3"]
[White "stepanosinovsky"]
[Black "Larisa004"]
[Result "1-0"]
[WhiteElo "2353"]
[BlackElo "2166"]
[TimeControl "180+1"]
[EndTime "10:31:13 PST"]
[Termination "stepanosinovsky won by resignation"]

1. e4 c5 2. Nf3 d6 3. d4 cxd4 4. Nxd4 Nf6 5. Nc3 a6 6. Be3 e5 7. Nb3 Be6 8. Qd2 Nbd7 9. O-O-O Rc8 10. f4 Ng4 11. f5 Nxe3 12. fxe6 Nxd1 13. exd7+ Qxd7 14.
Qxd1 Be7 15. Be2 Qc6 16. Nd5 Bg5+ 17. Kb1 O-O 18. Na5 Qc5 19. Nxb7 Qc6 20. h4 Bd8 21. Nxd8 Rfxd8 22. Ne7+ 1-0

[Event "*** Titled Tuesday Blitz"]
[Site "Chess.com"]
[Date "2020.11.10"]
[Round "3"]
[White "LawrenceTrent"]
[Black "Kiborg95"]
[Result "1-0"]
[WhiteElo "2533"]
[BlackElo "2735"]
[TimeControl "180+1"]
[EndTime "10:31:14 PST"]
[Termination "LawrenceTrent won by resignation"]

1. d4 d6 2. e4 Nf6 3. Nc3 e5 4. Nf3 Nbd7 5. g4 Nxg4 6. Rg1 Ngf6 7.
Be3 g6 8. Qd2 Bg7 9. O-O-O Qe7 10.
Kb1 c6 11. a4 b6 12. Bc4 Bb7 13. Bb3 a6 14. Bh6 Bxh6 15. Qxh6 O-O-O 16. dxe5 dxe5 17. Ng5 Rdf8 18. f3 Nc5 19. Ba2 b5 20. axb5 axb5 21. Ne2 Kc7 22. Rd2 Bc8 23. Rgd1 Ne6 24. Qh4 Ng8 25. Bxe6 Bxe6 26. Nxe6+ Qxe6 27. Rd8 Nf6 28. R8d6 Rd8 29. Rxe6 Rxd1+ 30. Nc1 Nd7 31. Re7 Rd8 32. b3 Kb7 33. Kb2 Kb6 34. Nd3 Rd2 35. Qxh7 1-0

[Event "*** Titled Tuesday Blitz"]
[Site "Chess.com"]
[Date "2020.11.10"]
[Round "3"]
[White "SanchezKelvin"]
[Black "Gajuchess"]
[Result "0-1"]
[WhiteElo "2438"]
[BlackElo "2721"]
[TimeControl "180+1"]
[EndTime "10:31:14 PST"]
[Termination "Gajuchess won on time"]

1. d4 Nf6 2. c4 e6 3. Nf3 Bb4+ 4.
Bd2 a5 5. g3 O-O 6. Bg2 d5 7.
Qc2 Be7 8. O-O Nbd7 9. Bf4 c6 10. Nbd2 Nh5 11. Be3 b6 12. Ne5 Nxe5 13. dxe5 d4 14.
Bxc6 dxe3 15. Bxa8 exd2 16. Rfd1 Qc7 17. f4 Bc5+ 18. Kg2 Bb7+ 19. Bxb7 Qxb7+ 20. Kh3 Be3 21. Qd3 Bxf4 22. g4 Qe7 23. gxh5 Rd8 24. Qf3 Bxe5 25.
Kg2 Qg5+ 26. Kh1 Bxb2 27. Rab1 Bd4 28. Rb5 Bc5 29. Rb2 h6 30. Rbb1 Rd4 31. Rf1 f5 32.
Qc6 Re4 33. Qe8+ Kh7 34. Rbd1 Rxe2 35. Qg6+ Qxg6 36. hxg6+ Kxg6 37. Rf3 Re1+ 38. Rf1 Rxf1+ 39. Rxf1 Bf2 40. Rd1 Be1 41. Kg2 e5 42. Kf3 e4+ 43.
Ke2 f4 44. Rb1 f3+ 0-1

[Event "*** Titled Tuesday Blitz"]
[Site "Chess.com"]
[Date "2020.11.10"]
[Round "3"]
[White "KatarinaOstojic"]
[Black "Make_it_shine060"]
[Result "0-1"]
[WhiteElo "2331"]
[BlackElo "2214"]
[TimeControl "180+1"]
[EndTime "10:31:14 PST"]
[Termination "Make_it_shine060 won on time"]

1. d4 Nf6 2. Nf3 g6 3. Bg5 Ne4 4. Bh4 Bg7 5. e3 c5 6. c3 cxd4 7. exd4 d5 8. Nbd2 Nxd2 9. Qxd2 O-O 10. Be2 Nc6 11. O-O Bg4 12. Rfe1 Qb6 13. Rad1 e6 14.
h3 Bxf3 15. Bxf3 Rac8 16. b3 a5 17. Bg3 a4 18. b4 Rfd8 19. a3 Na7 20. Rc1 Nb5 21. Qb2 Rc6 22. Be5 Bxe5 23. Rxe5 Rdc8 24. Re3 Nxd4 25. Bd1 Nb5 26. Bxa4 d4 27. Bxb5 Qxb5 28.
Rf3 d3 29. Qd2 Rd8 30. Qf4 Qf5 31. Qh4 Qd5 0-1

[Event "*** Titled Tuesday Blitz"]
[Site "Chess.com"]
[Date "2020.11.10"]
[Round "3"]
[White "AsaHoffmann"]
[Black "rududuyk"]
[Result "1-0"]
[WhiteElo "2399"]
[BlackElo "2164"]
[TimeControl "180+1"]
[EndTime "10:31:15 PST"]
[Termination "AsaHoffmann won on time"]

1. d4 e6 2. e4 d5 3. e5 c5 4.
Nf3 Nc6 5. Bd3 Nxd4 6. Nxd4 cxd4 7. Nd2 Ne7 8. Qg4 Nc6 9. O-O Nxe5 10. Qg3 Nxd3 11.
cxd3 Qd6 12. f4 h5 13. Nf3 b6 14. Nxd4 Ba6 15. Bd2 h4 16. Qf3 g6 17. Bc3 Rh5 18. Kh1 Rc8 19. a3 Bh6 20. Qg4 Bxd3 21. Rae1 Bf5 22.
Qe2 Kf8 23. Bb4 Rc5 24. Qe5 Qxe5 25. fxe5 Bd3 26. Nxe6+ Kg8 27. Rf3 Be4 28. Nxc5 bxc5 29. Bxc5 Bxf3 30. gxf3 Bd2 31. Re2 Bf4 32. Bxa7 Bxe5 33.
b4 d4 34. Bc5 f6 35. f4 Bxf4 36. Bxd4 Bc1 37. a4 Rd5 38. Bxf6 g5 39. Kg2 Bf4 40. a5 Rd3 41. Ra2 h3+ 42. Kf2 Bxh2 43. a6 g4 44. Bh4 g3+ 45. Bxg3 Bxg3+ 46. Ke2 h2 47. Kxd3 h1=Q 48.
a7 Qa8 49. b5 1-0

[Event "*** Titled Tuesday Blitz"]
[Site "Chess.com"]
[Date "2020.11.10"]
[Round "3"]
[White "Matols"]
[Black "nelsoncopa"]
[Result "1-0"]
[WhiteElo "2265"]
[BlackElo "1889"]
[TimeControl "180+1"]
[EndTime "10:31:15 PST"]
[Termination "Matols won on time"]

1. d4 d5 2. c4 e6 3. Nf3 Nf6 4. g3 c6 5. Bg2 Be7 6. O-O O-O 7. Qc2 Nbd7 8. Nbd2 Re8 9. Rd1 Nf8 10. e4 dxe4 11. Nxe4 Nxe4 12. Qxe4 Ng6 13. h4 Qb6 14. c5 Qa5 15.
Bd2 Qc7 16. h5 Nf8 17. h6 Ng6 18. hxg7 Kxg7 19. b4 Bd7 20. Ne5 Bf6 21. Ng4 Be7 22. Bh6+ Kg8 23. Ne5 f5 24. Qe3 Bf6 25. f4 Rad8 26.
Kf2 Bc8 27. Rh1 Bxe5 28. fxe5 Qd7 29. Rad1 Qe7 30. Bg5 Qf7 31. Bf6 Rd5 32. Bxd5 cxd5 33. Qh6 Bd7 34. Rh2 1-0

[Event "*** Titled Tuesday Blitz"]
[Site "Chess.com"]
[Date "2020.11.10"]
[Round "3"]
[White "MillyNeuf"]
[Black "Grischuk"]
[Result "0-1"]
[WhiteElo "2466"]
[BlackElo "3010"]
[TimeControl "180+1"]
[EndTime "10:31:16 PST"]
[Termination "Grischuk won on time"]

1. e4 c5 2. Nf3 d6 3. d4 cxd4 4. Nxd4 Nf6 5. Nc3 a6 6. Qf3 g6 7. h3 Bg7 8. Be3 O-O 9. g4 Bd7 10. O-O-O Nc6 11. Qg2 Rc8 12. Be2 Na5 13. g5 Ne8 14. h4 Rxc3 15. bxc3 Qc8 16. Rd3 Qc5 17. h5 Nc7 18. Qh2 Rc8 19. hxg6 hxg6 20. Kd1 Nc4 21. Bc1 e5 22. Nb3 Qc6 23. Bf3 Ne6 24. Qh7+ Kf8 25. Qh2 b5 26. Ke2 a5 27. Rhd1 Kg8 28. Nd2 Nf4+ 29. Kf1 Nxd3 30. cxd3 Nb6 31. Ke2 Na4 0-1

[Event "*** Titled Tuesday Blitz"]
[Site "Chess.com"]
[Date "2020.11.10"]
[Round "3"]
[White "FMOlexandrProhorov"]
[Black "narutosmith"]
[Result "1-0"]
[WhiteElo "2118"]
[BlackElo "2296"]
[TimeControl "180+1"]
[EndTime "10:31:18 PST"]
[Termination "FMOlexandrProhorov won by checkmate"]

1. e4 c6 2. d4 d5 3. Nc3 dxe4 4. Nxe4 Bf5 5. Ng3 Bg6 6. h4 h6 7. Nf3 Nd7 8. h5 Bh7 9. Bd3 Bxd3 10. Qxd3 e6 11.
Bd2 Ngf6 12. Kf1 Qc7 13. Re1 Bd6 14. Ne4 Nxe4 15. Qxe4 O-O-O 16. c4 Nf6 17. Qc2 c5 18. dxc5 Bxc5 19. b4 Be7 20. c5 Nd5 21. a4 Kb8 22. Ne5 Bf6 23. Nc4 Rd7 24. Qe4 Rhd8 25. Nd6 Qc6 26.
a5 Qa4 27. Rh3 Qa2 28. Bf4 Nxf4 29. Qxf4 Ka8 30. Kg1 Be7 31. Nb5 Rd1 32. Rxd1 Rxd1+ 33. Kh2 Bd8 34. Qxf7 Qd5 35. Nd6 Qe5+ 36. f4 Qd5 37.
Qd7 Bxa5 38. Qc8# 1-0

[Event "*** Titled Tuesday Blitz"]
[Site "Chess.com"]
[Date "2020.11.10"]
[Round "3"]
[White "smshk35"]
[Black "Leonid_Starozhilov"]
[Result "0-1"]
[WhiteElo "2426"]
[BlackElo "2688"]
[TimeControl "180+1"]
[EndTime "10:31:19 PST"]
[Termination "Leonid_Starozhilov won by resignation"]

1. e4 c5 2. Nf3 e6 3. d4 cxd4 4. Nxd4 a6 5. Be2 Nf6 6. Nc3 Qc7 7. O-O Bc5 8. Nb3 Ba7 9. Kh1 d6 10. Bg5 Nbd7 11. Qd2 h6 12. Bh4 Nc5 13. Nxc5 Bxc5 14. Bxf6 gxf6 15. Na4 Ba7 16. Rad1 Ke7 17. c4 Bd7 18.
Nc3 Bc6 19. Bh5 Rag8 20. Rfe1 Rg5 21. Bf3 Re5 22. g3 h5 23. h4 Rc8 24. Bg2 Bd7 25.
f4 Rc5 26. b3 b5 27. Nd5+ exd5 28. exd5+ Kf8 29. f5 Kg7 30. Re7 Rh8 31. Rde1 bxc4 32.
R1e6 c3 33. b4 0-1

[Event "*** Titled Tuesday Blitz"]
[Site "Chess.com"]
[Date "2020.11.10"]
[Round "3"]
[White "Keures"]
[Black "catzapto"]
[Result "1-0"]
[WhiteElo "2335"]
[BlackElo "2128"]
[TimeControl "180+1"]
[EndTime "10:31:20 PST"]
[Termination "Keures won on time"]

1. d4 Nf6 2. c4 e6 3. Nc3 c6 4.
e4 d5 5. e5 Nfd7 6. f4 a6 7.
c5 b6 8. cxb6 Qxb6 9. Nf3 c5 10.
Na4 Qa7 11. Be3 c4 12. Be2 Bb4+ 13. Bd2 Nc6 14. O-O Nxd4 15. Kh1 Bxd2 16. Qxd2 Nxe2 17. Qxe2 O-O 18. f5 Nc5 19. f6 gxf6 20. exf6 Ne4 21. Ne5 Kh8 22. Nb6 Qb8 23. Qg4 Ng5 24. Qxg5 1-0

[Event "*** Titled Tuesday Blitz"]
[Site "Chess.com"]
[Date "2020.11.10"]
[Round "3"]
[White "TurboSteen"]
[Black "martynkovaelena"]
[Result "1-0"]
[WhiteElo "2028"]
[BlackElo "2264"]
[TimeControl "180+1"]
[EndTime "10:31:20 PST"]
[Termination "TurboSteen won on time"]

1. e4 c5 2. Nc3 Nc6 3. Bb5 Nd4 4. Nf3 e6 5. O-O Nxb5 6. Nxb5 d6 7. d4 cxd4 8. Qxd4 a6 9. Nc3 Nf6 10. Bg5 Be7 11.
Rad1 O-O 12. e5 dxe5 13. Qxe5 Bd7 14. Rd4 Qe8 15. Rfd1 Bc6 16. Rh4 Nd7 17. Qf4 e5 18. Qg3 Bxf3 19. gxf3 Bxg5 20. Qxg5 Qe6 21. Ne4 f6 22. Qh5 h6 23. Rd6 Qf7 24. Qf5 Rad8 25. Rg4 Kh8 26. Rg6 Nb8 27. Rdxf6 Rd1+ 28. Kg2 gxf6 29.
Rxh6+ Kg8 30. Nxf6+ Qxf6 31. Rxf6 Rxf6 32. Qxf6 Nc6 33.
h4 1-0

[Event "*** Titled Tuesday Blitz"]
[Site "Chess.com"]
[Date "2020.11.10"]
[Round "3"]
[White "PIwan"]
[Black "Semen_Khanin"]
[Result "0-1"]
[WhiteElo "2542"]
[BlackElo "2786"]
[TimeControl "180+1"]
[EndTime "10:31:21 PST"]
[Termination "Semen_Khanin won on time"]

1. c4 e5 2. Nc3 Nf6 3. Nf3 Nc6 4. e3 g6 5. d4 exd4 6. exd4 Bg7 7. d5 Ne7 8. d6 cxd6 9. Nb5 O-O 10. Nxd6 Nc6 11. Be2 Qa5+ 12. Bd2 Qc5 13. Bc3 Ng4 14. O-O Bxc3 15.
Ne4 Qb6 16. bxc3 d6 17. Nfg5 Nce5 18. h3 h6 19. Nf3 Nxf3+ 20. Bxf3 Ne5 21. Nf6+ Kg7 22.
Nd5 Qc5 23. Be2 Nxc4 24. Bxc4 Qxc4 25. Ne3 Qxc3 26. Qxd6 Be6 27. Rac1 Qa5 28. Rc5 Qxa2 29. Qe5+ Kh7 30. f4 Rae8 31. Qf6 Bxh3 32. f5 Rxe3 33. fxg6+ Kg8 34. gxf7+ Kh7 0-1

[Event "*** Titled Tuesday Blitz"]
[Site "Chess.com"]
[Date "2020.11.10"]
[Round "3"]
[White "Supernotar"]
[Black "sorito"]
[Result "1-0"]
[WhiteElo "2856"]
[BlackElo "2460"]
[TimeControl "180+1"]
[EndTime "10:31:21 PST"]
[Termination "Supernotar won by resignation"]

1. d4 e6 2. c4 b6 3. Nf3 Bb7 4. g3 Bb4+ 5. Nbd2 f5 6. Bg2 Nf6 7. O-O O-O 8. b3 Ne4 9. Bb2 a5 10. a3 Be7 11. Qc2 Nxd2 12. Nxd2 Bxg2 13. Kxg2 d6 14.
f4 Nd7 15. e4 Qe8 16. Rae1 Qf7 17. exf5 exf5 18. d5 Nc5 19. Re2 Bf6 20. Bxf6 Qxf6 21. Rfe1 h6 22. b4 axb4 23. axb4 Na4 24. Nf3 Qc3 25.
Qxc3 Nxc3 26. Re7 Ra2+ 27. Kh3 Rf7 28. Nh4 g5 29. fxg5 hxg5 30. Ng6 Kg7 31. Rxf7+ Kxf7 32. Ne7 Kf6 33. Re6+ Kf7 34. Nxf5 Ne4 35. Rxe4 Kg6 36. Kg4 1-0

[Event "*** Titled Tuesday Blitz"]
[Site "Chess.com"]
[Date "2020.11.10"]
[Round "3"]
[White "WeAintSurePal"]
[Black "blitzking1729"]
[Result "0-1"]
[WhiteElo "2308"]
[BlackElo "2536"]
[TimeControl "180+1"]
[EndTime "10:31:21 PST"]
[Termination "blitzking1729 won by resignation"]

1. d4 d6 2. Nf3 Nf6 3. Bg5 g6 4. c3 Bg7 5. Nbd2 O-O 6. e4 c6 7. Be2 Bg4 8. O-O Nbd7 9. a4 Qc7 10. h3 Bxf3 11. Bxf3 e5 12. Re1 Rfe8 13. a5 h6 14. Bh4 Nh7 15. Bg3 Ng5 16. Nc4 Rad8 17. h4 Ne6 18.
dxe5 Nxe5 19. Bxe5 dxe5 20. Qe2 Qe7 21. g3 Nc5 22. Rad1 Qc7 23. Qe3 b6 24. h5 g5 25.
Bg4 Rxd1 26. Rxd1 Rd8 27. Rxd8+ Qxd8 28. axb6 axb6 29. Kg2 Qc7 30. Bf5 Bf8 31. b4 Na4 32. Qd3 b5 33. Na5 c5 34. Qxb5 Nxc3 35. Qc4 Na4 36.
b5 Qxa5 37. Bg6 Qa7 38. Bxf7+ Qxf7 39. Qxa4 c4 40. b6 c3 41. Qc6 Qb3 42. b7 c2 43.
Qg6+ Kh8 44. Qf6+ Bg7 45. Qd8+ Kh7 46. b8=Q Qxb8 47. Qxb8 c1=Q 48. Qc7 Qxc7 0-1

[Event "*** Titled Tuesday Blitz"]
[Site "Chess.com"]
[Date "2020.11.10"]
[Round "3"]
[White "LamaChampetre"]
[Black "GMJustin"]
[Result "1-0"]
[WhiteElo "2185"]
[BlackElo "2334"]
[TimeControl "180+1"]
[EndTime "10:31:21 PST"]
[Termination "LamaChampetre won on time"]

1. d4 Nf6 2. c4 g6 3. Nc3 d5 4. cxd5 Nxd5 5. e4 Nxc3 6. bxc3 Bg7 7. Be3 c5 8. Nf3 Qa5 9. Qd2 O-O 10. Rc1 Bg4 11.
Bd3 Nc6 12. d5 Bxf3 13. gxf3 Ne5 14. Be2 c4 15. O-O f5 16. f4 Nd3 17. Bxd3 cxd3 18. Qxd3 fxe4 19. Qxe4 Qxa2 20. c4 Qe2 21. Qe6+ Rf7 22.
Rfe1 Qf3 23. c5 Bh6 24. c6 bxc6 25. dxc6 Bxf4 26. c7 Bxe3 27. c8=Q+ Rxc8 28. Rxc8+ Kg7 29.
Qe5+ Rf6 30. Qxe7+ Rf7 31. Qe5+ Rf6 32. Rc7+ 1-0

[Event "*** Titled Tuesday Blitz"]
[Site "Chess.com"]
[Date "2020.11.10"]
[Round "3"]
[White "Kopytkin"]
[Black "emperor87"]
[Result "0-1"]
[WhiteElo "2437"]
[BlackElo "2713"]
[TimeControl "180+1"]
[EndTime "10:31:22 PST"]
[Termination "emperor87 won on time"]

1. e4 d5 2. exd5 Qxd5 3. Nc3 Qd8 4. d4 c6 5. Bd3 Nf6 6. Nge2 g6 7. Bg5 Bg7 8. Qd2 O-O 9. Bh6 b5 10. Bxg7 Kxg7 11. O-O Nbd7 12. Rad1 Bb7 13. Ne4 Nxe4 14. Bxe4 Qb6 15. Bf3 Rfd8 16. Qc3 b4 17. Qe3 e5 18.
c4 Re8 19. Rfe1 e4 20. Bg4 Nf6 21. Bh3 Bc8 22. Bxc8 Raxc8 23. h3 a5 24. Rd2 a4 25. Red1 Rcd8 26. Nf4 Rd7 27. d5 Qxe3 28. fxe3 cxd5 29. Nxd5 Red8 30. Kf2 h5 31. Rd4 Nxd5 32. Rxd5 Rxd5 33. cxd5 b3 34. axb3 axb3 35. Rd4 Kf6 36. d6 Ke5 37. d7 f5 38. h4 Ke6 39. Rb4 Rxd7 40. Rxb3 Rd2+ 41.
Kg3 Re2 42. Rb6+ Kf7 43. Rb3 Kg7 44. Kh3 Kh6 45. g3 Rd2 46. Ra3 Rd3 47. Kg2 Rd2+ 48. Kf1 Rxb2 49. Rb3 Rxb3 0-1

[Event "*** Titled Tuesday Blitz"]
[Site "Chess.com"]
[Date "2020.11.10"]
[Round "3"]
[White "CzechmVIII"]
[Black "BigAl"]
[Result "0-1"]
[WhiteElo "2144"]
[BlackElo "2486"]
[TimeControl "180+1"]
[EndTime "10:31:22 PST"]
[Termination "BigAl won on time"]

1. e4 c6 2. d4 d5 3. e5 Bf5 4. Nc3 e6 5. g4 Bg6 6. Nge2 Ne7 7. f4 h5 8. f5 exf5 9. g5 c5 10. h4 cxd4 11. Nxd4 Nec6 12. Bb5 Bc5 13. Bxc6+ Nxc6 14. Nxc6 bxc6 15. Bf4 Rb8 16. Na4 O-O 17. Nxc5 Qa5+ 18. Qd2 Qxc5 19. O-O-O Rb4 20. c3 Ra4 21. Kb1 Qc4 22. b3 Qxf4 23. bxa4 Qxa4 24. Qb2 f4+ 25. Ka1 Be4 26. Rd4 Qa6 27. Re1 c5 28. Rdxe4 dxe4 29.
Rxe4 f3 30. Re1 Qd3 31. g6 Qxg6 32. Qf2 Rb8 33. Qxf3 Qc2 0-1

[Event "*** Titled Tuesday Blitz"]
[Site "Chess.com"]
[Date "2020.11.10"]
[Round "3"]
[White "mbachez"]
[Black "Vuk2000"]
[Result "0-1"]
[WhiteElo "2407"]
[BlackElo "2660"]
[TimeControl "180+1"]
[EndTime "10:31:23 PST"]
[Termination "Vuk2000 won by resignation"]

1. e4 e6 2. d4 d5 3. Bd3 c5 4. exd5 Qxd5 5. Nc3 Qd8 6. dxc5 Bxc5 7. Qg4 Nf6 8. Qg3 Nc6 9. Bg5 h6 10. Bxf6 Qxf6 11. Nf3 O-O 12. O-O-O Qe7 13. h4 Bd6 14. Qg4 Qf6 15. Bh7+ Kxh7 16. Rxd6 e5 17. Qe4+ Bf5 18. Qd5 Qe7 19. Rd1 Bxc2 20. Rd7 Qf6 21. Rd6 Qf4+ 22.
Rd2 Rad8 23. a3 Rxd6 24. Qxd6 Rd8 25. Qc7 Bg6 26. Ne2 Qc4+ 27. Nc3 Rxd2 28. Nxd2 Qd3 29. Kd1 Qc2+ 30. Ke1 Nd4 31. Qxb7 Qc1+ 32. Nd1 Bc2 33. Qf3 Nxf3+ 0-1

[Event "*** Titled Tuesday Blitz"]
[Site "Chess.com"]
[Date "2020.11.10"]
[Round "3"]
[White "zaur-mammadov"]
[Black "VerdeNotte"]
[Result "0-1"]
[WhiteElo "2633"]
[BlackElo "2877"]
[TimeControl "180+1"]
[EndTime "10:31:24 PST"]
[Termination "VerdeNotte won by resignation"]

1. e4 c5 2. c3 d5 3. exd5 Qxd5 4. d4 Nc6 5. Nf3 Bf5 6. Be3 cxd4 7. Nxd4 e6 8. Nxf5 Qxf5 9. Nd2 Bc5 10. Bxc5 Qxc5 11. Qb3 Nf6 12. Qb5 Qe5+ 13. Qxe5 Nxe5 14. Bb5+ Ke7 15.
f3 Rhd8 16. O-O-O a6 17. Be2 Nd3+ 18. Bxd3 Rxd3 19. Nc4 Rxd1+ 20. Rxd1 Nd5 21. Rd2 Rc8 22. Ne5 f6 23. Nd3 g5 24. Kc2 h5 25. Re2 Kd6 26. a4 b6 27. Kb3 a5 28. c4 Nf4 29. Nxf4 gxf4 30. Kc3 e5 31. b4 h4 32. bxa5 bxa5 33. Rb2 Rg8 34. Rb6+ Kc5 35. Rxf6 Rxg2 36. Ra6 Rxh2 37.
Rxa5+ Kd6 38. Ra6+ Kd7 39. Kd3 Rf2 40. Ke4 Re2+ 41.
Kd5 h3 42. Ra7+ Kc8 43. Rh7 h2 44. Kc6 Kb8 45. a5 e4 46. a6 exf3 47. c5 f2 48.
a7+ Ka8 49. Kb6 Re8 0-1

[Event "*** Titled Tuesday Blitz"]
[Site "Chess.com"]
[Date "2020.11.10"]
[Round "3"]
[White "northridgehawk"]
[Black "bazar-wokzal"]
[Result "1-0"]
[WhiteElo "2269"]
[BlackElo "2493"]
[TimeControl "180+1"]
[EndTime "10:31:24 PST"]
[Termination "northridgehawk won on time"]

1. e4 c5 2. Nf3 d6 3. d4 cxd4 4. Nxd4 Nf6 5. Nc3 g6 6. f3 Bg7 7. Be3 a6 8. Qd2 b5 9. O-O-O Bb7 10. g4 Nc6 11. h4 h5 12. g5 Nd7 13. f4 Nc5 14.
Bg2 Rc8 15. Kb1 b4 16. Nd5 a5 17. Qf2 Na4 18. f5 Ne5 19. f6 Bf8 20. fxe7 Bxe7 21.
Bh3 Ra8 22. Nf5 gxf5 23. exf5 Bxd5 24. Rxd5 Qc7 25. Bd4 f6 26. Qe2 Kf8 27. Rd1 Nb6 28. Bxb6 Qxb6 29. gxf6 Qc7 30. fxe7+ Qxe7 31. f6 Qf7 32. Rxd6 Re8 33. Rd8 Rh6 34. Qxe5 1-0

[Event "*** Titled Tuesday Blitz"]
[Site "Chess.com"]
[Date "2020.11.10"]
[Round "3"]
[White "SHIVACalypso"]
[Black "ChessFrois"]
[Result "1-0"]
[WhiteElo "2304"]
[BlackElo "2066"]
[TimeControl "180+1"]
[EndTime "10:31:24 PST"]
[Termination "SHIVACalypso won by checkmate"]

1. Nf3 Nf6 2. c4 g6 3. g3 Bg7 4. Bg2 O-O 5. O-O d6 6. Nc3 Nbd7 7. Rb1 e5 8. d3 Re8 9. Nd2 a5 10. a3 c6 11. b4 axb4 12. axb4 Qc7 13. b5 Nc5 14.
Nb3 Nfd7 15. Nxc5 Nxc5 16. bxc6 bxc6 17. Nb5 Qd7 18. d4 Na4 19. Qd3 Ba6 20. dxe5 cxb5 21. cxb5 Bb7 22. Bxb7 Qxb7 23. exd6 Nc3 24. Rb2 Ne4 25.
Rb4 Nc3 26. Be3 Ra2 27. Re1 Nd5 28. Re4 Rd8 29. Bg5 Rxd6 30. Re8+ Bf8 31. Bh6 Nf4 32. Rxf8# 1-0

[Event "*** Titled Tuesday Blitz"]
[Site "Chess.com"]
[Date "2020.11.10"]
[Round "3"]
[White "tylityli"]
[Black "LittleMyMoomin"]
[Result "1-0"]
[WhiteElo "2255"]
[BlackElo "1831"]
[TimeControl "180+1"]
[EndTime "10:31:26 PST"]
[Termination "tylityli won by resignation"]

1. d4 Nf6 2. c4 e6 3. Nc3 Bb4 4. e3 O-O 5. Ne2 c5 6. d5 exd5 7. cxd5 d6 8. g3 Bf5 9. Bg2 h6 10. O-O Nbd7 11. e4 Bh7 12. f4 Re8 13. f5 Ne5 14. h3 a6 15. Bf4 b5 16. Rc1 Ba5 17.
Qd2 Nc4 18. Qc2 Nh5 19. Kh2 Nxf4 20. gxf4 Ne3 21. Qd3 Nxf1+ 22. Rxf1 Qf6 23. Bf3 Bb6 24. Ng3 c4 25. Qc2 Qd4 26. Nh5 Qe3 27. Bg2 g6 28. Nf6+ Kg7 29. Nxe8+ Rxe8 30. Nd1 Qc5 31. Qc3+ f6 32.
fxg6 Bxg6 33. Nf2 Kf7 34. Ng4 h5 35. Qxf6+ Kg8 36. Qxg6+ Kf8 37. Nf6 Ke7 38. Nxe8 Qe3 39. Qe6+ Kf8 40. Nf6 Qxf4+ 41. Rxf4 1-0

[Event "*** Titled Tuesday Blitz"]
[Site "Chess.com"]
[Date "2020.11.10"]
[Round "3"]
[White "ural58"]
[Black "Ajedrez_con_German"]
[Result "1/2-1/2"]
[WhiteElo "2358"]
[BlackElo "2544"]
[TimeControl "180+1"]
[EndTime "10:31:27 PST"]
[Termination "Game drawn by repetition"]

1. e4 e6 2. Qe2 c5 3. b3 Nc6 4. Bb2 Nf6 5. e5 Nd5 6. Nf3 Be7 7. g3 b6 8. Bg2 Bb7 9. O-O O-O 10. d4 cxd4 11.
Nxd4 Nxd4 12. Bxd4 Qc7 13. c4 Nb4 14. Bc3 Bxg2 15.
Kxg2 Nc6 16. Nd2 Rfd8 17. Rad1 d6 18. exd6 Bxd6 19. Ne4 Be5 20. Bxe5 Qxe5 21. f4 Qc7 22. Ng5 h6 23. Nf3 Rxd1 24. Rxd1 Rd8 25. Rxd8+ Qxd8 26. Qe4 Qd7 27. Kf2 f6 28. Ke2 Kf7 29. a3 Qd6 30. b4 a5 31. b5 Ne7 32. Qd3 Qc5 33.
Nd2 Qg1 34. Nf3 Qg2+ 35. Kd1 Qb2 36. Nd2 Qa1+ 37. Kc2 Qa2+ 38. Kc1 Qa1+ 39. Kc2 Qa2+ 40. Kc1 Qa1+ 41. Kc2 1/2-1/2